cohdb
Replays
Latest Replays
All Replays
Popular Replays
Top Player Replays
Match Explorer
How It Works
Community
CoH3 Stats
Reddit
Sign in to upload your games and track your stats! →
Sign in with Steam
Match 43618405
Unlisted
Match 43618405
Overview
Messages
Build Orders
End
Construct Section Command Post
Selects Heavy Armor Battlegroup
Dingo Light Scout Car
Infantry Section
Infantry Section
Infantry Section
Selects Rigorous Vehicle Training
Construct Platoon Command Post
Selects Light Vehicle Withdraw and Refit
Infantry Section
Selects UNKNOWN (202330)
Selects Forward Repair Assembly
Unlock M3 Stuart Light Tanks
Amon Sapkowski
Cambro
bigcheese
Prototype
0
0
Comments
sign in to comment!
No comments posted yet!